 Dungeon Crawl Stone Soup version 0.29-a0-732-g3d7fbe0af2 (webtiles) character file.

Game seed: 17582937884784157463

43 Zeld the Chopper (level 3, 0/33 HPs)
             Began as a Minotaur Berserker on June 30, 2022.
             Was a Follower of Trog.
             Engulfed by a cloud of flame (21 damage)
             ... on level 1 of the Dungeon.
             The game lasted 00:02:43 (1655 turns).

Zeld the Chopper (Minotaur Berserker)               Turns: 1655, Time: 00:02:44

Health: 0/33       AC:  8    Str: 23    XL:     3   Next: 37%
Magic:  2/2        EV: 12    Int:  4    God:    Trog [*.....]
Gold:   73         SH:  0    Dex:  9    Spells: 2/2 levels left

rFire   . . .      SeeInvis .   c - +3 sling
rCold   . . .      Faith    .   (no shield)
rNeg    . . .      Spirit   .   b - +0 animal skin
rPois   .          Reflect  .   (helmet restricted)
rElec   .          Harm     .   (no cloak)
rCorr   .          Rampage  .   h - +2 pair of gloves
Will    .....                   i - +2 pair of boots
Stlth   +.........              (no amulet)
HPRegen 0.11/turn               (no ring)
MPRegen 0.08/turn               (no ring)

@: no status effects
A: horns 2, retaliatory headbutt
a: Renounce Religion, Berserk


You were on level 1 of the Dungeon.
You worshipped Trog.
Trog was aware of your devotion.
You visited 1 branch of the dungeon, and saw 2 of its levels.

You collected 73 gold pieces.

Inventory:

Hand Weapons
 a - a +0 hand axe
 c - a +3 sling (weapon)
Armour
 b - a +0 animal skin (worn)
 h - a +2 pair of gloves (worn)
 i - a +2 pair of boots (worn)
Scrolls
 f - a scroll of brand weapon {unknown}
 g - 2 scrolls of blinking {unknown}
 j - a scroll of torment {unknown}
 k - 3 scrolls of immolation {unknown}
 m - a scroll of fear {unknown}
Potions
 d - 2 potions of curing {unknown}
 e - a potion of flight {unknown}
 l - a potion of berserk rage {unknown}
 n - a potion of cancellation {unknown}


   Skills:
 + Level 3.8 Fighting
 * Level 4.2 Axes
 + Level 1.0 Ranged Weapons
 * Level 3.3 Armour
 + Level 2.5 Dodging


You had 2 spell levels left.
You didn't know any spells.
Your spell library was empty.

Dungeon Overview and Level Annotations

Branches:
Dungeon (2/15)

Altars:


Innate Abilities, Weirdness & Mutations

You have a pair of horns on your head.
You reflexively headbutt those who attack you in melee.


Message History

An adder comes into view.
Found a scale mail.
The adder hisses angrily.
You shoot a sling bullet.
The sling bullet barely misses the adder.
An adder is nearby!
You shoot a sling bullet.
The sling bullet closely misses the adder.
The adder completely misses you.
An adder is nearby!
You shoot a sling bullet. The sling bullet hits the adder.
The adder is heavily wounded.
The adder bites you but does no damage. x2
You shoot a sling bullet. The sling bullet hits the adder.
The adder is almost dead.
The adder closely misses you.
You shoot a sling bullet. The sling bullet hits the adder.
You kill the adder!
Trog accepts your kill.
Your Ranged Weapons skill increases to level 1!
No target in view!
You see here 6 curare-tipped darts.
You see here an adder corpse.
There is a stone staircase leading up here.
You climb upwards.
There is a stone staircase leading down here.
Partly explored, can't reach some items and places.
Partly explored, can't reach some items and places.
Really walk into a travel-excluded area?
You are engulfed in blazing flames.
You are engulfed in blazing flames.
* * * LOW HITPOINT WARNING * * *
You start resting.
HP restored.
You start waiting.
Done waiting.
You are engulfed in blazing flames.
You are engulfed in blazing flames.
Ouch! That really hurt!
You die...

#.# #..#######.#..#..#.##..# #.#
#...# #.....#..#|##... #.# #.§§#
#........#.###.. #.# #§☼§#
####....##.# ### #.# #§§.#
#######.# ### #.######...######
#.###..
#.#.§...$...☼☼°.#########.##...
#....§§..$$.§§§........##.##..#
#...§.§.....○○@.........#.##..#
########...#####........#.##...
#§.§# #........#.###.. #○..#
#........#.# ### #§§§#
########.#.# ### #######
#...#####...# #.#.###.. ......#
##......#...####.#.##...
#####.#########.......†.#.#.##..#
#######...#######..##.#.#.##..#


There were no monsters in sight!

Vanquished Creatures
  2 adders (D:2)
  A worm (D:2)
  4 ball pythons
  2 bats (D:1)
  2 endoplasms (D:1)
  A goblin (D:2)
  A hobgoblin (D:1)
  A kobold (D:2)
  A quokka (D:1)
  A frilled lizard (D:1)
  6 rats
22 creatures vanquished.

Notes
Turn   | Place    | Note
-------+----------+-------------------------------------------
     0 | D:1      | Zeld the Minotaur Berserker began the quest for the Orb.
     0 | D:1      | Reached XP level 1. HP: 19/19 MP: 0/0
   405 | D:1      | Reached XP level 2. HP: 27/27 MP: 1/1
  1117 | D:2      | Reached skill level 4 in Axes
  1203 | D:2      | Reached XP level 3. HP: 33/33 MP: 2/2
  1271 | D:2      | Reached skill level 1 in Ranged Weapons
  1655 | D:1      | Engulfed by a cloud of flame

Illustrated notes

Levels and vault maps discovered:
D:1:      minmay_arrival_wavy_path, layout_basic, hangedman_glass_teeth,
          lemuel_flame_loot_1
D:2:      layout_basic, hellmonk_ecumenical_altar_inner_sanctum

Skill      XL: |  1  2  3 |
---------------+----------+-----
Armour         | 3 |  3.3
Axes           | 4 |  4.2
Ranged Weapons | 1 |  1.0
Fighting       | |  3.8
Dodging        | |  2.5

Action                   || total
-------------------------++-------
 Fire: Sling             ||    54
Armor: Animal skin       ||     4
Dodge: Dodged            ||    10

Table legend: (Time is in decaauts)
 A = Elapsed time spent in this place.
 B = Non-inter-level travel time spent in this place.
 C = Inter-level travel time spent in this place.
 D = Time resting spent in this place.
 E = Time spent auto-exploring this place.
 F = Levels seen in this place.
 G = Mean time per level.
                   A        B        C        D        E       F      G
               +--------+--------+--------+--------+--------+-----+--------+
         Total |   1674 |   1580 |     94 |    311 |   1070 |   2 |  837.0 |
       Dungeon |   1674 |   1580 |     94 |    311 |   1070 |   2 |  837.0 |
               +--------+--------+--------+--------+--------+-----+--------+

Top non-repeatable levels by time:
     D:1: 1461 daAuts
     D:2: 213 daAuts
